 Dungeon Crawl Stone Soup version 0.20-a0-526-g753eaab (webtiles) character file.

63 dvd the Grave Robber (level 3, -1/26 HPs)
             Began as a Demonspawn Necromancer on Jan 27, 2017.
             Slain by an adder (4 damage)
             ... on level 2 of the Dungeon.
             The game lasted 00:05:29 (2517 turns).

dvd the Grave Robber (Demonspawn Necromancer)       Turns: 2517, Time: 00:05:30

Health: -1/26      AC:  2    Str:  8    XL:     3   Next: 89%
Magic:  0/7        EV: 12    Int: 17    God:
Gold:   55         SH:  0    Dex: 13    Spells: 0/7 levels left

rFire    . . .     SeeInvis .   e - +0 mace
rCold    . . .     Gourm    .   a - +0 robe
rNeg     . . .     Faith    .   (no shield)
rPois    .         Spirit   .   (no helmet)
rElec    .         Reflect  .   (no cloak)
rCorr    +         Harm     .   (no gloves)
MR       .....                  (no boots)
Stlth    ++........             (no amulet)
Regen    1.1/turn               (no ring)
                                m - ring of resist corrosion

@: lethally poisoned (-1 -> -1), very slightly contaminated, regenerating
(expiring)
A: talons 1
a: no special abilities


You were on level 2 of the Dungeon.
You were very hungry.

You visited 1 branch of the dungeon, and saw 2 of its levels.

You collected 55 gold pieces.

Inventory:

Hand Weapons
 e - a +0 mace (weapon)
 j - a +2 vampiric dagger
Armour
 a - a +0 robe (worn)
Jewellery
 m - a ring of resist corrosion (left hand)
Scrolls
 d - 2 scrolls of teleportation {unknown}
 h - a scroll of blinking {unknown}
 o - 2 scrolls of identify {unknown}
Potions
 g - a potion of flight {unknown}
 i - a potion of haste
 k - a potion of ambrosia
 n - a potion of mutation {unknown}
Books
 b - a book of Necromancy

   Spells                             Type                      Level
   a - Pain                           Necromancy                   1
   b - Animate Skeleton               Necromancy                   1
   c - Vampiric Draining              Necromancy                   3
   d - Regeneration                   Charms/Necromancy            3
   e - Animate Dead                   Necromancy                   4
   f - Control Undead                 Necromancy                   4
Comestibles
 c - 3 bread rations
 f - 2 royal jellies
 l - 2 fruits


   Skills:
 + Level 1.1 Fighting
 + Level 0.3 Maces & Flails
 + Level 1.7 Dodging
 + Level 2.0 Stealth
 + Level 2.7 Spellcasting
 + Level 5.2 Necromancy


You couldn't memorise any spells.
You knew the following spells:

 Your Spells              Type           Power        Failure   Level  Hunger
a - Pain                  Necr           ###.         2%          1    #......
b - Regeneration          Chrm/Necr      ##........   21%         3    ###....
c - Vampiric Draining     Necr           ###.......   10%         3    ###....


Dungeon Overview and Level Annotations

Branches:
Dungeon (2/15)

Altars:


Innate Abilities, Weirdness & Mutations

You have sharp toenails.


Message History

The adder barely misses you. x2
You barely miss the adder.
The adder is severely wounded.
Your skin is crawling a little less now.
You feel sick. The adder bites you. x2
* * * LOW HITPOINT WARNING * * *
Unknown command.
Casting: Regeneration
Confirm with . or Enter, or press ? or * to list all spells.
Aiming: Pain
Press: ? - help, Shift-Dir - straight line, f/p - adder
Aim: an adder (severely wounded, chance to defeat MR: 84%)
The adder writhes in agony!
You feel sick. The adder barely misses you.
Unknown command.
You miss the adder.
The adder is almost dead.
The adder bites you.
* * * LOW HITPOINT WARNING * * *
The adder bites you.
You die...

## ############ #.
#..........# #.
#..........# #.
#..........# #.
#.........<# #.
#......<...# ###.
#######......)...###>..
#...gS@..........##....
#.##b#######.....#.....
#........#.....#.....
#........#.###(.(....
#........#.#.........
#........#.#.........
#........#.#......(..
#........# #.........
#........# #.........


You could see an adder, a goblin and a bat.

Vanquished Creatures
  3 adders (D:2)
  An ooze (D:1)
  A dart slug (D:1)
  2 bats (D:1)
  A giant cockroach (D:1)
  4 goblins
  3 hobgoblins (D:1)
  3 frilled lizards (D:1)
  9 kobolds
  5 rats
32 creatures vanquished.

Notes
Turn   | Place    | Note
-------+----------+-------------------------------------------
     0 | D:1      | dvd the Demonspawn Necromancer began the quest for the Orb.
     0 | D:1      | Reached XP level 1. HP: 13/13 MP: 3/3
   567 | D:1      | Gained mutation: You have sharp toenails. [demonic ancestry]
   567 | D:1      | Reached XP level 2. HP: 17/19 MP: 1/5
  1031 | D:1      | Reached skill level 5 in Necromancy
  1885 | D:2      | Reached XP level 3. HP: 24/25 MP: 3/6
  2008 | D:2      | Reached skill level 1 in Fighting
  2071 | D:2      | Learned a level 3 spell: Regeneration
  2169 | D:2      | Learned a level 3 spell: Vampiric Draining
  2517 | D:2      | Slain by an adder

Vault maps used:
D:1:      erik_arrival_triangle_small
D:2:      first_bread, minivault_25, uniq_natasha

Skill      XL: |  1  2  3 |
---------------+----------+-----
Necromancy     | 5 |  5.2
Fighting       | 1 |  1.1
Stealth        | 2 |  2.0
Maces & Flails | |  0.3
Dodging        | |  1.7
Spellcasting   | |  2.7

Action                   || total
-------------------------++-------
Melee: Unarmed           ||    12
       Mace              ||    39
       Kick              ||     6
 Cast: Pain              ||    60
       Regeneration      ||     2
  Use: Potion            ||     2
  Eat: Chunk             ||     5
Armor: Robe              ||    12
Dodge: Dodged            ||    56
